 Dungeon Crawl Stone Soup version 0.14-a0-1522-g6c286a4 (webtiles) character file.

1482 4tharraofdagon the Slasher (level 8, -1/66 HPs)
             Began as a Demigod Artificer on Dec 17, 2013.
             Slain by a merfolk
             ... wielding a -1,+0 orcish spear
              (11 damage)
             ... on Level 7 of the Dungeon.
             The game lasted 00:14:28 (2397 turns).

4tharraofdagon the Slasher (Demigod Artificer)      Turns: 2397, Time: 00:14:29

HP  -1/66        AC 11     Str 18      XL: 8   Next:  1%
MP  18/18        EV  6     Int 16      God:
Gold 280         SH  0     Dex 16 (18) Spells:  0 memorised,  7 levels left

rFire  . . .     SeeInvis .     n - +2 elf falchion
rCold  + . .     Clarity  .     o - +2 orc chain mail
rNeg   . . .     Conserve .     (no shield)
rPois  +         rCorr    .     (no helmet)
rElec  .         rRot     .     (no cloak)
SustAb . .       Spirit   .     (no gloves)
rMut   .         Warding  .     (no boots)
Saprov . . .     Stasis   .     (no amulet)
                                M - ring of poison resistance
                                u - ring of protection from cold

@: somewhat resistant to hostile enchantments, extremely unstealthy
A: no striking features
a: no special abilities


You were on level 7 of the Dungeon.
You were not hungry.

You visited 2 branches of the dungeon, and saw 8 of its levels.

You collected 280 gold pieces.

Inventory:

Hand weapons
 a - a +0,+0 short sword
 m - a +0,+0 short sword
 n - a +2,+2 elven falchion (weapon)
 v - a +1,+2 orcish vampiric cutlass
 y - a cursed -3,-2 cutlass
 D - a +1,+0 orcish mace of draining
Missiles
 t - 5 steel darts (quivered)
 I - 6 javelins
Armour
 e - a +0 leather armour
 o - a +2 orcish chain mail (worn)
 p - a +0 orcish chain mail
 w - a +0 plate armour
Magical devices
 b - a wand of flame (1)
 c - a wand of enslavement (12)
 d - a wand of random effects (6)
 g - a wand of slowing (9)
 H - a wand of cold (0)
Comestibles
 f - 6 bread rations
 i - 2 meat rations
 z - a pear
 L - a rambutan
 O - a rotting chunk of centaur flesh
Scrolls
 h - 2 scrolls of fog {unknown}
 j - a scroll of random uselessness {unknown}
 q - a scroll of curse jewellery {unknown}
 s - 4 scrolls of remove curse
 B - a scroll of noise {unknown}
 C - a scroll of immolation {unknown}
 F - a scroll of teleportation {unknown}
 J - a scroll of blinking {unknown}
 K - 2 scrolls of curse armour {unknown}
Jewellery
 k - an uncursed amulet of resist mutation {unknown}
 u - a ring of protection from cold (left hand)
 M - a ring of poison resistance (right hand)
 N - an uncursed ring of see invisible
Potions
 l - 2 potions of curing
 r - a potion of lignification
 A - 2 potions of agility
 G - a potion of confusion
Books
 E - a book of Wizardry

   Spells                             Type                      Level
   Summon Elemental                   Summoning                    4
   Agony                              Necromancy                   5
   Force Lance                        Conjuration                  5
   Fireball                           Conjuration/Fire             5
   Haste                              Charms                       6
   Invisibility                       Hexes                        6


   Skills:
 + Level 4.2 Fighting
 - Level 0.8 Short Blades
 * Level 5.2 Long Blades
 + Level 2.9 Armour
 + Level 3.7 Dodging
 - Level 0.8 Stealth
 + Level 4.5 Evocations


You had 7 spell levels left.
You didn't know any spells.

Dungeon Overview and Level Annotations

Branches:
Dungeon (7/16)             Temple (1/1) D:7

Annotations:
D:3 Jessica


Message History

You feel stronger. Really attack your merfolk?
The merfolk is no longer charmed.
Your chain mail prevents you from hitting the merfolk.
The merfolk is almost dead.
The merfolk hits you but does no damage.
You barely miss the merfolk.
The merfolk is almost dead.
The merfolk hits you with an orcish spear.
* * * LOW HITPOINT WARNING * * *
Unknown command.
Unknown command.
You hit the merfolk but do no damage.
The merfolk is almost dead.
The merfolk hits you but does no damage.
Unknown command.
You hit the merfolk.
The merfolk is almost dead.
The merfolk hits you with an orcish spear!
You die...

##.....##+#.##......
#..........>........
#...........##.#...#
#..............###.#
#...........######.#
##'##...............
#≈.%######.........#
#≈m## #.........#
#{.@# #.........#
#≈.%# ##'########
##### #.#
..#######.#####
..............#
..............#
#............# #
#............# #
#.....##.#...# #


You could see a merfolk.

Vanquished Creatures
  A sky beast (D:7)
  An ogre (D:4)
  A phantom (D:5)
  A centaur (D:7)
  Duvessa (D:7)
  An orc priest (D:5)
  A quasit (D:7)
  A centaur zombie (D:7)
  Dowan (D:7)
  A crimson imp (D:5)
  2 worker ants
  A hound (D:7)
  2 orc wizards
  A hound skeleton (D:5)
  7 adders
  9 gnolls
  A giant eyeball (D:5)
  23 orcs
  11 bats
  A bat skeleton (D:7)
  2 giant cockroaches
  17 goblins
  9 hobgoblins
  A ball python (D:3)
  2 giant geckos (D:4)
  2 giant newts
  10 kobolds
  An orc zombie (D:5)
  6 rats
  A rat zombie (D:5)
  2 ballistomycetes (D:7)
121 creatures vanquished.

Vanquished Creatures (collateral kills)
  3 big fish (D:7)
3 creatures vanquished.

Vanquished Creatures (others)
  A giant spore (D:7)
1 creature vanquished.

Grand Total: 125 creatures vanquished

Notes
Turn   | Place    | Note
--------------------------------------------------------------
     0 | D:1      | 4tharraofdagon, the Demigod Artificer, began the quest for the Orb.
     0 | D:1      | Reached XP level 1. HP: 15/15 MP: 2/2
    10 | D:1      | Reached skill level 1 in Fighting
   140 | D:2      | Reached XP level 2. HP: 21/24 MP: 3/3
   305 | D:3      | Reached skill level 1 in Long Blades
   345 | D:3      | Noticed Jessica
   359 | D:4      | hurdos: nice start
   428 | D:3      | Reached XP level 3. HP: 19/30 MP: 6/6
   536 | D:3      | Reached skill level 1 in Armour
   555 | D:3      | Reached XP level 4. HP: 37/37 MP: 8/8
  1070 | D:4      | Reached skill level 3 in Evocations
  1103 | D:4      | Reached XP level 5. HP: 24/44 MP: 10/10
  1222 | D:4      | hurdos: wiz book
  1222 | D:4      | hurdos: cool
  1262 | D:4      | Noticed an ogre
  1267 | D:4      | Killed an ogre
  1316 | D:4      | Reached XP level 6. HP: 38/51 MP: 13/13
  1345 | D:5      | Entered Level 5 of the Dungeon
  1349 | D:5      | Paralysed by a giant eyeball for 3 turns
  1740 | D:5      | Reached skill level 4 in Long Blades
  1821 | D:6      | Daniel: oh well: https://crawl.develz.org/mantis/view.php?id=7875
  1837 | D:7      | Daniel: watch out in v:5
  1898 | D:7      | hurdos: ok
  1901 | D:7      | Noticed Dowan
  1902 | D:7      | Noticed Duvessa
  1926 | D:7      | Killed Dowan
  1926 | D:7      | Reached XP level 7. HP: 48/57 MP: 16/16
  1927 | D:7      | hurdos: I think it will fix faster
  1927 | D:7      | Killed Duvessa
  1956 | D:7      | Daniel: i hope so
  2036 | D:7      | Found a staircase to the Ecumenical Temple.
  2125 | Temple   | Entered the Ecumenical Temple
  2126 | Temple   | Gained mutation: Your digestive system is specialised to digest meat. [potion of beneficial mutation]
  2140 | Temple   | Lost mutation: Your digestive system is specialised to digest meat. [potion of cure mutation]
  2239 | D:7      | Reached skill level 5 in Long Blades
  2347 | D:7      | Noticed a merfolk
  2393 | D:7      | Reached XP level 8. HP: 14/66 MP: 18/18
  2397 | D:7      | Slain by a merfolk

Action                   |  1- 3 |  4- 6 |  7- 9 || total
-------------------------+-------+-------+-------++-------
Melee: Short sword       |    36 |       |       ||    36
       Falchion          |    51 |   248 |    77 ||   376
Evoke: Wand              |    12 |    16 |     8 ||    36
  Use: Potion            |     1 |       |     5 ||     6
       Scroll            |       |     4 |     1 ||     5
